 Seeded DCSS version 0.29.0-7-g18a832c13a (webtiles) character file.

Game seed: 1 (custom seed)

68 Kazon the Trooper (level 3, 0/31 HPs)
             Began as a Demigod Fighter on Aug 30, 2022.
             Slain by a gnoll
             ... wielding a +0 spear
              (1 damage)
             ... on level 2 of the Dungeon.
             The game lasted 00:05:18 (1321 turns).

Kazon the Trooper (Demigod Fighter)                 Turns: 1321, Time: 00:05:19

Health: 0/31       AC: 11    Str: 21    XL:     3   Next: 73%
Magic:  5/5        EV:  9    Int: 10    God:
Gold:   1264       SH:  4    Dex: 13    Spells: 2/2 levels left

rFire   . . .      SeeInvis .   e - +2 dagger (venom)
rCold   . . .      Faith    .   c - +0 buckler
rNeg    . . .      Spirit   .   b - +0 scale mail
rPois   .          Reflect  .   k - +0 helmet
rElec   .          Harm     .   (no cloak)
rCorr   .          Rampage  .   (no gloves)
Will    .....                   l - +2 pair of boots
Stlth   ..........              (no amulet)
HPRegen 0.10/turn               (no ring)
MPRegen 0.09/turn               (no ring)

@: no status effects
A: high MP 1, forlorn, divine attributes
a: no special abilities


You were on level 2 of the Dungeon.
You visited 1 branch of the dungeon, and saw 2 of its levels.

You collected 1264 gold pieces.

Inventory:

Hand Weapons
 a - a +0 long sword
 e - a +2 dagger of venom (weapon)
Missiles
 i - 10 stones (quivered)
 o - 3 boomerangs
Armour
 b - a +0 scale mail (worn)
 c - a +0 buckler (worn)
 k - a +0 helmet (worn)
 l - a +2 pair of boots (worn)
Jewellery
 f - an amulet of the acrobat
Scrolls
 j - a scroll of identify {unknown}
 n - a scroll of immolation {unknown}
Potions
 d - a potion of might
 g - a potion of flight {unknown}
 h - a potion of attraction {unknown}
 m - a potion of berserk rage {unknown}
 p - a potion of haste {unknown}


   Skills:
 * Level 3.2 Fighting
 + Level 2.5(2.6) Long Blades
 * Level 0.6 Throwing
 + Level 3.0 Armour
 + Level 0.3 Dodging
 + Level 3.0 Shields


You had 2 spell levels left.
You didn't know any spells.
Your spell library contained the following spells:

 Spells                   Type           Power      Damage    Failure   Level
 Apportation              Tloc           0%         N/A       80%         1
 Necrotise                Necr           0%         1d4       80%         1
 Sting                    Tmut/Pois      0%         1d3       80%         1
 Summon Small Mammal      Summ           0%         N/A       80%         1
 Poisonous Vapours        Pois/Air       0%         N/A       90%         2
 Olgreb's Toxic Radiance  Pois           0%         N/A       100%        4


Dungeon Overview and Level Annotations

Branches:
Dungeon (2/15)


Innate Abilities, Weirdness & Mutations

You have an increased reservoir of magic. (+10% MP)
You shall have no god before yourself.
Your divine heritage dramatically boosts your attributes as you level up.


Message History

The gnoll is heavily wounded.
The gnoll hits you but does no damage.
You hit the gnoll.
The gnoll is severely wounded.
The gnoll barely misses you. x2
You hit the gnoll.
The gnoll looks as sick as possible!
The gnoll is almost dead.
The gnoll hits you but does no damage. x2
You barely miss the gnoll.
The gnoll is almost dead.
You kill the gnoll!
The gnoll hits you but does no damage. The gnoll closely misses you.
The gnoll hits you but does no damage.
You see here a +0 whip.
You hit the gnoll.
The gnoll is poisoned.
The gnoll is moderately wounded.
The gnoll hits you from afar with a +0 halberd.
You block the gnoll's attack.
You hit the gnoll but do no damage.
The gnoll looks even sicker.
The gnoll is moderately wounded.
You block the gnoll's attack. The gnoll hits you with a +0 spear.
You closely miss the gnoll.
The gnoll is moderately wounded.
The gnoll hits you from afar with a +0 halberd!
* * * LOW HITPOINT WARNING * * *
The gnoll hits you but does no damage.
You closely miss the gnoll.
The gnoll is moderately wounded.
Unknown command.
The gnoll throws a throwing net.
The throwing net hits you.
You become entangled in the net!
There is a stone staircase leading down here.
You see here a throwing net.
You tear a large gash into the net.
The gnoll hits you but does no damage.
You struggle against the net.
The gnoll hits you from afar with a +0 spear.
* * * LOW HITPOINT WARNING * * *
You shred the net and break free!
The gnoll hits you from afar with a +0 spear.
You die...

#.# #.# #.#
#.#
#.########.#
#.#
#..........#
..#
#...########
#######
###.#
....... #.#
†.....# #.#
#####.# ##
###.# .
..#@#
#.#.#)#
#.#.#g#
#...#g#
#..#)#
#..#.##
#.....#
#.....#
#g....#


You could see 2 gnolls.

Vanquished Creatures
  A gnoll (D:2)
  2 adders (D:2)
  A worm (D:2)
  7 endoplasms
  A giant cockroach (D:1)
  7 goblins
  4 hobgoblins
  3 kobolds
  A quokka (D:1)
  A ball python (D:2)
  2 bats
  2 frilled lizards (D:2)
  3 rats (D:1)
35 creatures vanquished.

Notes
Turn   | Place    | Note
-------+----------+-------------------------------------------
     0 | D:1      | Kazon the Demigod Fighter began the quest for the Orb.
     0 | D:1      | Reached XP level 1. HP: 18/18 MP: 3/3
    41 | D:1      | Identified a scroll of acquirement
    41 | D:1      | Acquired 1113 gold pieces
   431 | D:1      | Reached XP level 2. HP: 25/25 MP: 4/4
  1034 | D:2      | Reached XP level 3. HP: 27/31 MP: 5/5
  1320 | D:2      | HP: 1/31 [gnoll/+0 spear (2)]
  1321 | D:2      | Slain by a gnoll

Illustrated notes

Levels and vault maps discovered:
D:1:      dpeg_arrival_three_smaller_balls, layout_basic
D:2:      layout_loops_ring

Skill      XL: |  1  2 |
---------------+-------+-----
Long Blades    | 2 |  2.5
Fighting       | 3 |  3.2
Shields        | 3 |  3.0
Armour         | 3 |  3.0
Throwing       | |  0.6
Dodging        | |  0.3

Action                   || total
-------------------------++-------
Melee: Long sword        ||    82
       Dagger            ||    22
Throw: Stone             ||     2
  Use: Scroll            ||     1
Armor: Scale mail        ||    57
Dodge: Dodged            ||    62
Block: Buckler           ||    22
